 Dungeon Crawl Stone Soup version 0.27-a0-836-gfc908b8576 (webtiles) character file.

Game seed: 8976264189345966070

225900 sizableburger the Destroyer (level 17, -1/140 HPs)
             Began as a Demigod Conjurer on Apr 1, 2021.
             Slain by a bunyip (26 damage)
             ... on level 1 of the Swamp.
             The game lasted 03:52:12 (59078 turns).

sizableburger the Destroyer (Demigod Conjurer)     Turns: 59078, Time: 03:52:13

Health: -1/140     AC: 25    Str: 16    XL:     17   Next: 99%
Magic:  0/42       EV: 12    Int: 32    God:
Gold:   2913       SH:  0    Dex:  8    Spells: 3/38 levels left

rFire    . . .     SeeInvis +   y - staff of conjuration
rCold    . . .     Faith    .   c - +0 buckler
rNeg     . . .     Spirit   +   v - +4 moon troll leather armour {Spirit, Regen++ MP+5}
rPois    .         Reflect  .   m - +2 helmet {SInv}
rElec    .         Harm     .   o - +2 cloak
rCorr    .         Rampage  .   D - +2 pair of gloves {Stlth+}
Will     ++...                  P - +0 pair of boots of Qiciat {Regen+ Dex-4 Slay+2 SInv}
Stlth    +.........             K - amulet of the acrobat
HPRegen  3.33/turn              M - ring of willpower
MPRegen  0.28/turn              W - +4 ring of protection

@: confused, very slow
A: high mp 1, forlorn
}: 1/15 runes: gossamer
a: no special abilities


You were on level 1 of the Swamp.
You visited 6 branches of the dungeon, and saw 30 of its levels.
You also visited: Ossuary and Gauntlet.

You collected 3827 gold pieces.
You spent 914 gold pieces at shops.

Inventory:

Hand Weapons
 G - the +7 lajatang "Gram" {vamp, Str+4}
   (You acquired it on level 6 of the Lair of Beasts)

   It inflicts no extra harm, but heals its wielder when it wounds a living foe.
   It affects your strength (+4).
Armour
 c - a +0 buckler (worn)
 m - a +2 helmet of see invisible (worn)
 o - a +2 cloak (worn)
 p - the +2 helmet of Okawaru's Indignation {Rampage}
   (You found it on level 2 of the Elven Halls)

   It bestows one free step when moving towards enemies.
 v - the +4 moon troll leather armour (worn) {Spirit, Regen++ MP+5}
   (You found it on level 13 of the Dungeon)

   It affects your magic capacity (+5).
   It increases your rate of health regeneration.
 x - +4 storm dragon scales {Bai Suzhen}
 D - a +2 pair of gloves of stealth (worn)
 P - the +0 pair of boots of Qiciat (worn) {Regen+ Dex-4 Slay+2 SInv}
   (You found it on level 2 of the Lair of Beasts)

   It affects your dexterity (-4).
   It affects your accuracy and damage with ranged weapons and melee attacks
   (+2).
   It lets you see invisible.
   It increases your rate of health regeneration.
Magical Staves
 y - a staff of conjuration (weapon)
 z - a staff of poison
Jewellery
 n - a ring of see invisible
 K - an amulet of the acrobat (around neck)
 M - a ring of willpower (left hand)
 W - a +4 ring of protection (right hand)
 X - a ring of positive energy
 Y - a ring of wizardry
Wands
 B - a wand of flame (75)
 C - a wand of iceblast (4)
 F - a wand of polymorph (38)
 I - a wand of mindburst (36)
 J - a wand of digging (18)
 N - a wand of charming (6)
 Q - a wand of random effects (37)
 S - a wand of paralysis (13)
 V - a wand of acid (4)
Scrolls
 d - 2 scrolls of fog
 h - 2 scrolls of amnesia
 j - 12 scrolls of magic mapping
 k - a scroll of fear
 q - a scroll of teleportation
 r - 3 scrolls of vulnerability
 s - 7 scrolls of immolation
 t - 5 scrolls of enchant weapon
 O - 2 scrolls of blinking
 R - a scroll of brand weapon
Potions
 a - a potion of might
 b - 5 potions of curing
 e - 6 potions of lignification
 f - 3 potions of brilliance
 i - 4 potions of flight
 w - 6 potions of attraction
 A - 3 potions of cancellation
 E - a potion of heal wounds
 H - a potion of mutation
 L - 12 potions of ambrosia
 T - 2 potions of berserk rage
 U - a potion of haste
 Z - 3 potions of magic
Miscellaneous
 g - a phantom mirror
 l - a phial of floods
 u - a box of beasts


   Skills:
 - Level 10.0 Fighting
 - Level 2.1(6.3) Polearms
 - Level 9.4(9.5) Staves
 + Level 10.2 Armour
 - Level 4.7 Dodging
 - Level 6.0 Stealth
 - Level 4.0 Shields
 + Level 11.1 Spellcasting
 - Level 12.0 Conjurations
 - Level 8.4 Hexes
 - Level 7.2 Translocations
 - Level 3.9 Transmutations
 + Level 9.6 Fire Magic
 - Level 1.6 Air Magic
 + Level 8.5 Earth Magic
 - Level 6.7 Poison Magic
 - Level 9.4 Evocations


You had 3 spell levels left.
You knew the following spells:

 Your Spells              Type           Power      Damage    Failure   Level
a - Iron Shot             Conj/Erth      45%        9d9       7%          6
d - Fulminant Prism       Conj/Hex       45%        3d21      1%          4
e - Iskenderun's Mystic   Conj/Tloc      87%        2d17      1%          4
f - Poisonous Vapours     Pois/Air       88%        N/A       1%          2
g - Ignite Poison         Fire/Tmut/Pois 57%        N/A       1%          3
h - Olgreb's Toxic Radia  Pois           57%        N/A       1%          4
i - Mephitic Cloud        Conj/Pois/Air  75%        N/A       1%          3
j - Bolt of Magma         Conj/Fire/Erth 44%        4d18      1%          5
k - Cause Fear            Hex            32%        N/A       1%          4

Your spell library contained the following spells:

 Spells                   Type           Power      Damage    Failure   Level
 Corona                   Hex            71%        N/A       1%          1
 Foxfire                  Conj/Fire      100%       2x1d9     1%          1
 Magic Dart               Conj           100%       1d8       1%          1
 Sting                    Tmut/Pois      100%       1d8       1%          1
 Ensorcelled Hibernation  Hex/Ice        88%        N/A       1%          2
 Searing Ray              Conj           100%       3d7       1%          2
 Slow                     Hex            64%        N/A       1%          2
 Conjure Flame            Conj/Fire      92%        6-21      1%          3
 Dazzling Flash           Conj/Hex       100%       N/A       1%          3
 Inner Flame              Hex/Fire       66%        N/A       1%          3
 Portal Projectile        Hex/Tloc       100%       N/A       1%          3
 Summon Guardian Golem    Hex/Summ       44%        N/A       1%          3
 Summon Small Mammal      Summ           68%        N/A       3%          1
 Call Imp                 Summ           17%        N/A       4%          2
 Call Canine Familiar     Summ           17%        N/A       10%         3
 Leda's Liquefaction      Hex/Erth       32%        N/A       1%          4
 Sticky Flame             Conj/Fire      92%        2d10      1%          4
 Fireball                 Conj/Fire      46%        3d18      1%          5
 Iskenderun's Battlesphe  Conj           97%        2d14      1%          5
 Animate Armour           Summ/Erth      90%        N/A       5%          4
 Starburst                Conj/Fire      46%        8x6d13    5%          6
 Silence                  Hex/Air        24%        N/A       11%         5
 Borgnjor's Vile Clutch   Necr/Erth      22%        N/A       16%         5
 Orb of Destruction       Conj           48%        9d15      19%         7
 Summon Lightning Spire   Summ/Air       23%        N/A       22%         4
 Spellforged Servitor     Conj/Summ      35%        N/A       92%         7
 Shadow Creatures         Summ           N/A        N/A       99%         6
 Ignition                 Fire           34%        3d10      99%         8


Dungeon Overview and Level Annotations

Branches:
Dungeon (15/15)            Temple (0/1) D:5            Lair (6/6) D:10
  Swamp (1/4) Lair:4       Spider (4/4) Lair:3        Slime (0/5) Lair:6
    Orc (2/2) D:12            Elf (2/3) Orc:2        Vaults (0/5) D:14
 Depths (0/5) D:15        Ossuary (visited)         Gauntlet (visited)

Shops:
D:8 *   D:9 :   D:10 (   D:11 !   D:12 (!((   Orc:2 !*!(   Elf:1 ((?:!
Elf:2 (


Innate Abilities, Weirdness & Mutations

Your attributes grow dramatically as you level up.
You have an increased reservoir of magic. (+10% MP)
You shall have no god before yourself.


Message History

The eight-headed hydra barely misses you.
The eight-headed hydra bites you but does no damage. x2
The eight-headed hydra bites you!
You are engulfed in noxious fumes.
The swamp worm fires a harpoon shot at you.
The harpoon shot hits you but does no damage.
The swamp worm fires a harpoon shot at you.
The harpoon shot hits you!!
You are yanked forward by the harpoon shot.
Splash!
You fall into the shallow water.
Moving in this stuff is going to be slow.
A bloated husk comes into view.
You closely miss the swamp drake.
You are engulfed in noxious fumes.
You choke on the stench!
You are confused.
The eight-headed hydra bites you! The eight-headed hydra bites you.
The eight-headed hydra bites you but does no damage.
The eight-headed hydra bites you.
The eight-headed hydra bites you but does no damage.
The eight-headed hydra misses you. The eight-headed hydra bites you!
The eight-headed hydra bites you but does no damage.
You feel better.
You are engulfed in noxious fumes.
You choke on the stench!
You are confused.
The tyrant leech seems less confused.
The swamp worm bites you.
The tyrant leech is engulfed in noxious fumes.
The tyrant leech bites you!
The tyrant leech draws strength from your injuries!
The swamp worm bites you! The eight-headed hydra bites you. x2
The eight-headed hydra bites you but does no damage.
The eight-headed hydra bites you!
The eight-headed hydra bites you but does no damage.
The eight-headed hydra bites you!
* * * LOW HITPOINT WARNING * * *
The eight-headed hydra bites you.
* * * LOW HITPOINT WARNING * * *
The eight-headed hydra bites you!
* * * LOW HITPOINT WARNING * * *
The bunyip claws you!!
You die...

♣.≈♣≈..≈†.≈§≈≈≈≈≈†≈≈..
♣.)≈≈≈≈≈...♣≈♣≈≈≈.≈♣≈≈
♣♣.≈.≈.>...≈≈≈≈≈≈.♣..≈
♣≈≈.≈♣≈≈..≈≈≈≈≈♣....≈
♣.≈.≈≈.≈n.≈≈≈≈≈≈≈≈♣.≈
♣.)..≈≈≈.≈≈≈≈≈≈≈§.♣ .
♣♣.≈.÷.§♣≈.≈≈≈≈≈≈≈≈
♣.≈w≈§.♣♣♣≈.≈≈..♣.§
♣♣.°@w≈♣♣ ♣..≈≈
♣.≈°xD≈♣ ♣≈≈≈
♣♣^°°k°§♣ ≈≈≈
♣.≈≈.♣.♣♣ .. ♣§≈≈.♣.♣
♣.♣≈.♣.♣♣ ♣)♣≈.♣♣.♣
♣.≈≈≈..♣ ♣<♣≈≈..♣♣


You could see a bunyip, an eight-headed hydra, a tyrant leech, a swamp worm, a
swamp drake and a bloated husk.

Vanquished Creatures
  Bai Suzhen (Spider:3)
  Arachne (Spider:4)
  The ghost of agentgt the Covert, an adept HuVM of Kikubaaqudgha (Elf:2)
  Frances (Spider:2)
  Agnes (Spider:3)
  Donald (Spider:1)
  6 ghost moths
  4 emperor scorpions
  A deep elf sorcerer (Elf:1)
  A deep elf demonologist (Elf:1)
  3 spark wasps (Spider:4)
  3 entropy weavers
  A minotaur (Gauntlet)
  A blizzard demon (Gauntlet)
  A deep elf death mage (Elf:1)
  An ettin (shapeshifter) (Elf:2)
  The ghost of Sabo the Blocker, a journeyman GrFi of Qazlal (D:12)
  19 hydras
  4 boulder beetles
  4 catoblepae
  6 centaur warriors
  A vault guard (D:14)
  Erica (Orc:1)
  An anaconda (shapeshifter) (Elf:2)
  20 death yaks
  7 two-headed ogres
  3 death knights
  3 alligators (Swamp:1)
  A tengu warrior (D:13)
  20 dancing weapons
  5 orc high priests
  The ghost of bobarctor the Thaumaturge, a journeyman DEWz of Okawaru (D:9)
  Nergalle (Orc:1)
  9 deep elf knights
  6 skeletal warriors
  A fire crab (Lair:6)
  2 goliath frogs (Swamp:1)
  2 spriggan druids (Swamp:1)
  2 bog bodies (Swamp:1)
  A swamp dragon (Swamp:1)
  3 wizards (D:15)
  3 phantasmal warriors
  17 deep elf zephyrmancers
  5 deep elf archers
  An orb spider (shapeshifter) (Elf:2)
  An orc knight (Orc:1)
  11 deep elf pyromancers
  4 orc sorcerers
  18 orb spiders
  A necromancer (D:15)
  A harpy (shapeshifter) (D:14)
  2 oklob plants (Lair:3)
  3 manticores
  21 wolf spiders
  2 cyclopes (shapeshifter) (Elf:2)
  4 cyclopes
  3 moths of wrath
  9 elephants
  A salamander (shapeshifter) (D:13)
  A moth of wrath (shapeshifter) (Elf:2)
  13 ugly things
  4 black mambas
  4 gargoyles
  12 cane toads
  4 torpor snails
  15 demonic crawlers
  An unseen horror (shapeshifter) (Elf:2)
  7 unseen horrors
  8 komodo dragons
  2 kobold demonologists
  A tengu conjurer (D:13)
  An ice devil (Gauntlet)
  7 rime drakes (Lair:6)
  3 freezing wraiths
  A meliai (shapeshifter) (D:14)
  37 jumping spiders
  5 hornets
  2 polar bears
  A queen bee (D:10)
  3 trolls
  2 tyrant leeches (Swamp:1)
  A wolf spider simulacrum (D:14)
  21 blink frogs
  5 slime creatures
  2 air elementals
  60 redbacks
  2 shadows
  3 spriggans
  6 wyverns
  30 tarantellas
  8 wraiths
  4 fire elementals
  5 basilisks
  2 water elementals
  63 yaks
  A basilisk (shapeshifter) (D:14)
  A golden eye (shapeshifter) (D:13)
  A steam dragon (D:8)
  2 wargs
  16 vampire mosquitoes
  5 swamp worms
  An acid dragon (D:8)
  20 water moccasins
  22 orc warriors
  3 black bears
  8 ogres
  23 wolves
  18 centaurs
  3 phantoms
  2 elf zombies (Ossuary)
  14 bullfrogs
  A gnoll sergeant (D:12)
  5 scorpions
  A wyvern skeleton (D:7)
  2 earth elementals (Elf:1)
  28 killer bees
  A water moccasin skeleton (D:4)
  12 wights
  4 howler monkeys
  2 bullfrog zombies
  2 hounds
  7 centaur zombies
  7 jellies
  A bullfrog skeleton (D:5)
  35 orc priests
  Crazy Yiuf (D:3)
  6 centaur skeletons
  Jessica (D:3)
  3 iguanas
  20 orc wizards
  7 hell rats (Lair:6)
  A killer bee zombie (D:7)
  A hound skeleton (D:4)
  2 mummies (Ossuary)
  A howler monkey zombie (D:8)
  6 gnolls
  A howler monkey skeleton (D:7)
  8 adders
  2 white imps (Gauntlet)
  An ufetubus (D:6)
  2 adder zombies (Ossuary)
  A worm (D:3)
  4 dart slugs
  61 orcs
  5 endoplasms
  5 giant cockroaches
  6 goblins
  12 hobgoblins
  6 jackals
  6 quokkas
  8 ball pythons
  5 bats
  4 frilled lizards
  2 goblin zombies (Ossuary)
  5 hobgoblin zombies (Ossuary)
  A jackal zombie (Ossuary)
  4 kobolds
  11 kobold zombies (Ossuary)
  11 orc zombies (Ossuary)
  3 rats
  A fulminant prism (Lair:6)
1077 creatures vanquished.

Vanquished Creatures (others)
  A moth of wrath (shapeshifter) (D:13)
  A bush (Lair:6)
  A demonic plant (Gauntlet)
  208 fulminant prisms
  74 fungi
  109 plants
394 creatures vanquished.

Grand Total: 1471 creatures vanquished

Notes
Turn   | Place    | Note
-------+----------+-------------------------------------------
     0 | D:1      | sizableburger the Demigod Conjurer began the quest for the
                  | Orb.
     0 | D:1      | Reached XP level 1. HP: 14/14 MP: 5/5
   183 | D:1      | Reached skill level 4 in Conjurations
   213 | D:1      | Reached XP level 2. HP: 20/20 MP: 1/7
   388 | D:1      | Learned a level 2 spell: Searing Ray
  1147 | D:2      | Reached XP level 3. HP: 27/27 MP: 5/8
  1187 | D:2      | Learned a level 3 spell: Dazzling Flash
  1841 | D:2      | Reached skill level 1 in Hexes
  1841 | D:2      | Reached XP level 4. HP: 33/34 MP: 5/10
  2679 | D:3      | Noticed Jessica
  2687 | D:3      | Killed Jessica
  2688 | D:3      | Reached XP level 5. HP: 39/39 MP: 5/12
  3196 | D:3      | Reached skill level 1 in Armour
  3305 | D:3      | Found a runed translucent door.
  3306 | D:3      | Noticed Crazy Yiuf
  3353 | D:3      | Killed Crazy Yiuf
  3629 | D:4      | Learned a level 4 spell: Fulminant Prism
  3727 | D:4      | Reached skill level 5 in Armour
  3727 | D:4      | Reached skill level 5 in Spellcasting
  3727 | D:4      | Reached skill level 6 in Conjurations
  3727 | D:4      | Reached skill level 5 in Hexes
  3727 | D:4      | Reached XP level 6. HP: 46/46 MP: 13/18
  3779 | D:4      | Reached skill level 1 in Fighting
  4052 | D:4      | Reached skill level 1 in Polearms
  4148 | D:4      | Learned a level 4 spell: Iskenderun's Mystic Blast
  4221 | D:4      | Reached skill level 7 in Conjurations
  4221 | D:4      | Reached XP level 7. HP: 48/52 MP: 11/19
  4556 | D:5      | Entered Level 5 of the Dungeon
  4570 | D:5      | Noticed an angel
  4570 | D:5      | Noticed an Executioner
  4721 | D:5      | Found a sand-covered staircase.
  4759 | Ossuary  | Entered an ossuary
  4866 | Ossuary  | Reached skill level 1 in Translocations
  4942 | Ossuary  | Reached skill level 1 in Shields
  5292 | D:5      | Found a staircase to the Ecumenical Temple.
  5673 | D:6      | Reached XP level 8. HP: 60/62 MP: 14/20
  5717 | D:6      | Reached skill level 1 in Staves
  6001 | D:6      | Noticed a gargoyle
  6399 | D:6      | Killed a gargoyle
  7157 | D:6      | Reached XP level 9. HP: 70/70 MP: 14/21
  7794 | D:7      | Noticed a two-headed ogre
  7808 | D:7      | Killed a two-headed ogre
  8965 | D:8      | Found Zitrajurur's Assorted Antiques.
  8965 | D:8      | Noticed a two-headed ogre
  8971 | D:8      | Killed a two-headed ogre
  8972 | D:8      | Reached XP level 10. HP: 77/80 MP: 4/23
  9094 | D:8      | Bought a tapered ivory wand for 108 gold pieces
  9094 | D:8      | Bought a scroll labelled ZECVEO RIVET for 27 gold pieces
  9094 | D:8      | Bought a scroll labelled IFIS JACUBARO for 27 gold pieces
 10138 | D:9      | Found Soeh's Book Emporium.
 10371 | D:9      | Found a runed translucent gate.
 10375 | D:9      | Found a runed translucent gate.
 10375 | D:9      | Noticed bobarctor's ghost (journeyman DEWz)
 10376 | D:9      | Found a runed translucent gate.
 10399 | D:9      | Noticed a two-headed ogre
 10404 | D:9      | Killed a two-headed ogre
 10405 | D:9      | Reached skill level 1 in Evocations
 11498 | D:10     | Entered Level 10 of the Dungeon
 11866 | D:10     | Reached skill level 5 in Translocations
 12429 | D:10     | Noticed a centaur warrior
 12575 | D:10     | Killed a centaur warrior
 12781 | D:10     | Reached XP level 11. HP: 77/85 MP: 14/25
 13078 | D:10     | Reached skill level 8 in Conjurations
 13242 | D:10     | Found a staircase to the Lair.
 13851 | D:10     | Found Eqydghet's Weapon Shop.
 14657 | D:10     | Noticed a two-headed ogre
 14666 | D:10     | Killed a two-headed ogre
 14749 | D:11     | Noticed a two-headed ogre
 14784 | Lair:1   | Entered Level 1 of the Lair of Beasts
 15437 | Lair:1   | Noticed a four-headed hydra
 15444 | Lair:1   | Killed a four-headed hydra
 16362 | Lair:2   | Reached skill level 5 in Evocations
 16596 | Lair:2   | Identified the +0 pair of boots of Qiciat {Regen+ Dex-4
                  | Slay+2 SInv}
 16736 | Lair:2   | Reached skill level 5 in Fighting
 17309 | Lair:2   | Reached XP level 12. HP: 69/94 MP: 19/28
 17386 | Lair:2   | Noticed a six-headed hydra
 17502 | Lair:2   | Noticed a boulder beetle
 17522 | Lair:2   | Killed a boulder beetle
 17631 | Lair:2   | Killed a six-headed hydra
 18713 | Lair:3   | Noticed a five-headed hydra
 18714 | Lair:3   | Noticed a five-headed hydra
 19028 | Lair:3   | Killed a five-headed hydra
 19141 | Lair:3   | Killed a five-headed hydra
 19377 | Lair:3   | Noticed a four-headed hydra
 19386 | Lair:3   | Killed a four-headed hydra
 19387 | Lair:3   | Reached skill level 9 in Conjurations
 20276 | Lair:3   | Found a hole to the Spider Nest.
 20682 | Lair:4   | Noticed a six-headed hydra
 20691 | Lair:4   | Killed a six-headed hydra
 20940 | Lair:4   | Noticed an eight-headed hydra
 20949 | Lair:4   | Killed an eight-headed hydra
 20950 | Lair:4   | Reached XP level 13. HP: 105/105 MP: 7/29
 21506 | D:9      | Bought a Young Poisoner's Handbook for 640 gold pieces
 21509 | D:9      | Learned a level 2 spell: Poisonous Vapours
 21513 | D:9      | Learned a level 3 spell: Ignite Poison
 21518 | D:9      | Learned a level 4 spell: Olgreb's Toxic Radiance
 21745 | Lair:4   | Found a staircase to the Swamp.
 22225 | Lair:5   | Reached skill level 1 in Fire Magic
 22290 | Lair:5   | Reached skill level 1 in Poison Magic
 22555 | Lair:5   | Reached skill level 1 in Transmutations
 23202 | Lair:6   | Entered Level 6 of the Lair of Beasts
 23823 | Lair:6   | Reached skill level 5 in Staves
 24848 | Lair:6   | Found a staircase to the Slime Pits.
 25031 | Lair:6   | Identified a scroll of acquirement
 25039 | Lair:6   | Reached XP level 14. HP: 116/116 MP: 20/31
 25125 | Lair:6   | Acquired the +7 lajatang "Gram" {vamp, Str+4}
 25951 | Lair:6   | Learned a level 3 spell: Mephitic Cloud
 26014 | Lair:6   | Reached skill level 5 in Fire Magic
 26091 | Lair:6   | Reached skill level 1 in Air Magic
 26091 | Lair:6   | Reached skill level 5 in Poison Magic
 27043 | D:9      | Killed bobarctor's ghost
 29377 | D:11     | Found Ahalulav's Distillery.
 29406 | D:11     | Bought a potion of magic for 112 gold pieces
 30078 | D:12     | Found Ofoat's Distillery.
 30268 | D:12     | Found Teraytwe's Weapon Shop.
 30491 | D:12     | Found Oskufumo's Antique Weapon Emporium.
 30510 | D:12     | Found a runed translucent door.
 30510 | D:12     | Noticed Sabo's ghost (journeyman GrFi)
 30572 | D:12     | Found a staircase to the Orcish Mines.
 30832 | D:12     | Found Jalop's Antique Weapon Emporium.
 31444 | D:12     | Killed Sabo's ghost
 31677 | Orc:1    | Entered Level 1 of the Orcish Mines
 31984 | Orc:1    | Noticed Nergalle
 31990 | Orc:1    | Killed Nergalle
 32429 | Orc:1    | Noticed Erica
 32517 | Orc:1    | Killed Erica
 32834 | Orc:2    | Entered Level 2 of the Orcish Mines
 33181 | Orc:2    | Found a staircase to the Elven Halls.
 33315 | Orc:2    | Paralysed by an orc sorcerer for 7 turns
 33859 | Orc:2    | Reached XP level 15. HP: 73/124 MP: 17/32
 34244 | Orc:2    | Found Ajicero's General Store.
 34244 | Orc:2    | Found Wanefaf's Distillery.
 34245 | Orc:2    | Found Xosemas's Distillery.
 34249 | Orc:2    | Found Atuips's Weapon Shop.
 34685 | Orc:1    | You fall into a shaft and drop 1 floor!
 34973 | Spider:1 | Entered Level 1 of the Spider Nest
 35926 | Spider:1 | Reached skill level 10 in Conjurations
 36114 | Spider:1 | Noticed Donald
 36123 | Spider:1 | Killed Donald
 39073 | Spider:2 | Noticed Frances
 39083 | Spider:2 | Killed Frances
 40642 | Spider:3 | Learned a level 5 spell: Bolt of Magma
 40746 | Spider:4 | Entered Level 4 of the Spider Nest
 41186 | Spider:4 | Reached skill level 1 in Earth Magic
 41223 | Spider:4 | Noticed Agnes
 41234 | Spider:3 | Killed Agnes
 41235 | Spider:3 | Reached XP level 16. HP: 115/132 MP: 4/34
 42131 | Spider:4 | Reached skill level 10 in Spellcasting
 42345 | Spider:4 | Noticed Bai Suzhen
 42839 | Spider:3 | Learned a level 4 spell: Cause Fear
 42896 | Spider:4 | Noticed Arachne
 42915 | Spider:4 | Killed Arachne
 43921 | Spider:1 | Learned a level 6 spell: Iron Shot
 44719 | D:13     | Found the +4 moon troll leather armour {Spirit, Regen++
                  | MP+5}
 45332 | D:13     | Reached skill level 11 in Conjurations
 45951 | D:14     | Found a gate leading to a gauntlet.
 45960 | Gauntlet | Entered a Gauntlet
 45960 | Gauntlet | Found a transporter.
 45973 | Gauntlet | Found a transporter.
 45985 | Gauntlet | Found a transporter.
 45990 | Gauntlet | Found a transporter.
 46005 | Gauntlet | Found a transporter.
 46006 | Gauntlet | Found the brooch of Shielding {Spirit SH+8}
 46024 | Gauntlet | Found a transporter.
 46036 | Gauntlet | Found a transporter.
 46048 | Gauntlet | Found a transporter.
 46072 | Gauntlet | Found a transporter.
 46072 | Gauntlet | Found a transporter.
 46092 | Gauntlet | Found a transporter.
 46098 | Gauntlet | Found a transporter.
 46100 | Gauntlet | Found a transporter.
 46102 | Gauntlet | Found a large runed translucent door.
 46102 | Gauntlet | Found a large runed translucent door.
 46103 | Gauntlet | Found a large runed translucent door.
 46103 | Gauntlet | Found a large runed translucent door.
 46125 | Gauntlet | Found a transporter.
 46144 | Gauntlet | Found a transporter.
 46166 | Gauntlet | Found a transporter.
 46168 | Gauntlet | Found a runed translucent gate.
 46168 | Gauntlet | Found a runed translucent gate.
 46168 | Gauntlet | Found a runed translucent gate.
 46171 | Gauntlet | Found a large runed translucent door.
 46172 | Gauntlet | Found a large runed translucent door.
 46178 | Gauntlet | Found a large runed translucent door.
 46178 | Gauntlet | Found a large runed translucent door.
 46182 | Gauntlet | Found a large runed translucent door.
 46182 | Gauntlet | Found a large runed translucent door.
 46184 | Gauntlet | Found a large runed translucent door.
 46184 | Gauntlet | Found a large runed translucent door.
 46184 | Gauntlet | Found a runed translucent door.
 46184 | Gauntlet | Found a runed translucent door.
 46185 | Gauntlet | Found a large runed translucent door.
 46186 | Gauntlet | Found a large runed translucent door.
 46196 | Gauntlet | Found a large runed translucent door.
 46196 | Gauntlet | Found a large runed translucent door.
 46198 | Gauntlet | Found a transporter.
 46273 | Gauntlet | Found a transporter.
 46612 | Gauntlet | Identified the +1 hat "Tahil" {Will+ Str+2}
 47084 | D:14     | Found a gate to the Vaults.
 48263 | D:14     | Reached skill level 5 in Earth Magic
 48683 | D:15     | Entered Level 15 of the Dungeon
 48895 | D:15     | Found a staircase to the Depths.
 49588 | D:15     | Reached skill level 5 in Stealth
 50244 | Spider:3 | Killed Bai Suzhen
 50245 | Spider:3 | Reached XP level 17. HP: 126/139 MP: 1/36
 51593 | Spider:4 | Got a gossamer rune of Zot
 52091 | Spider:4 | Identified the +8 falchion "Nofinef" {flame, rC+}
 52700 | Elf:1    | Entered Level 1 of the Elven Halls
 52724 | Elf:1    | Reached skill level 12 in Conjurations
 52935 | Elf:1    | Reached skill level 10 in Fighting
 53056 | Elf:1    | Identified Coirul's Tome of Creation
 53420 | Elf:1    | Found Zafraej's Distillery.
 53547 | Elf:1    | Found Inomeax's Book Emporium.
 53953 | Elf:1    | Found Zoew Apn's Weapon Shoppe.
 53955 | Elf:1    | Found Wugoh's Antique Weapon Emporium.
 54480 | Elf:1    | Found Diolej's Magic Scroll Shoppe.
 54949 | Elf:2    | Noticed agentgt's ghost (adept HuVM)
 55072 | Elf:2    | Found a transporter.
 55403 | Elf:2    | Found a transporter.
 55421 | Elf:2    | Identified the +6 chain mail of Demons {rElec rCorr Str-4}
 55423 | Elf:2    | Identified the +2 helmet of Okawaru's Indignation {Rampage}
 55771 | Elf:2    | Killed agentgt's ghost
 55916 | Elf:2    | Found Ucuzygin's Weapon Boutique.
 56446 | Elf:2    | Found a runed translucent gate.
 56446 | Elf:2    | Found a runed translucent gate.
 56446 | Elf:2    | Found a runed translucent gate.
 57455 | Elf:2    | Reached skill level 10 in Armour
 58482 | Swamp:1  | Entered Level 1 of the Swamp
 59078 | Swamp:1  | Slain by a bunyip

Illustrated notes

Levels and vault maps discovered:
D:1:      dpeg_arrival_arbitrary_c, layout_basic
D:2:      layout_basic
D:3:      layout_loops_corners, chequers_temple_overflow_minitemple,
          st_stairs_3, grunt_ministairs_7, uniq_crazy_yiuf_cottage, uniq_jessica
D:4:      layout_cave_pools, kennysheep_okawaru_gauntlet
D:5:      layout_rooms, grunt_temple_overflow_order_and_chaos_2,
          minmay_overflow_temple_star_quad, minmay_temple_entry_glassed_door,
          nicolae_ossuary_entry_monument
D:6:      layout_gridville, vehumet_altar_wand_db
D:7:      layout_basic
D:8:      layout_rooms, basic_altar, serial_shops, shop, the_bakery
D:9:      layout_stronghold, gammafunk_ghost_endoplasm, serial_shops, shop
D:10:     layout_layer_cave, due_lair_maze_entry_diamond, special_room
          [special_room_bee], serial_shops, nicolae_shop_behind_doors
D:11:     minmay_angry_zag, layout_grid_maze, serial_shops, shop
D:12:     layout_irregular_city, orc_0_dummy, ebering_ghost_inner_flame,
          serial_shops, nicolae_shop_window_shopping, nicolae_shop_stone,
          shop_statue, shop
D:13:     layout_basic, water_maze_lemuel
D:14:     layout_stronghold, david_vaults_5, minmay_misc_feat_cross,
          gauntlet_entry_generic, minmay_misc_feat_roman,
          kennysheep_pointless_box
D:15:     grunt_enter_depths_magical_seal, layout_long_grid,
          chequers_mini_garden
Lair:1:   layout_hall_layers
Lair:2:   layout_cellular_growth
Lair:3:   layout_regular_city, spider_nest_entry_rubble,
          minmay_lair_oklob_chamber
Lair:4:   layout_cellular_growth, palyth_hydra_swamp_entry
Lair:5:   layout_cave_pods, grunt_forest_large_clearings, lemuel_fruit_fields
Lair:6:   evilmike_catoblepas_cave, layout_misc_corridors,
          dpeg_slime_entry_corner, special_room [special_room_mythical_zoo]
Swamp:1:  layout_falls_marsh, evilmike_swamp_ruin_house_4
Spider:1: layout_spider_delve, nicolae_spider_shape,
          hangedman_spider_tarantella_strand, uniq_donald
Spider:2: layout_spider_delve, uniq_frances
Spider:3: layout_spider_delve
Spider:4: johnstein_spider_rune_arachne_lair, uniq_agnes, uniq_bai_suzhen
Orc:1:    cheibrodos_orc_bank, layout_caves, uniq_erica, uniq_nergalle
Orc:2:    st_orc_mages, layout_caves
Elf:1:    layout_rooms, serial_shops, shop, shop,
          nicolae_shop_temple_entry_statues_fountains, minmay_elf_demonology,
          evilmike_minifort, minmay_shop_star
Elf:2:    layout_loops_ring, serial_shops, shop,
          gammafunk_ghost_berserking_beasts, serial_glass, glass_columns_a,
          glass_columns_a, minmay_strange_pillars, due_unseen_surprise,
          feat_on_display

Skill      XL: |  1  2  3  4  5  6  7  8  9 10 11 12 13 14 15 16 17 |
---------------+----------------------------------------------------+-----
Conjurations   | 4 6 7 8 9 10 11 12 | 12.0
Spellcasting   | 2 3 5 6 7 8 9 10 11 | 11.1
Hexes          | 1 2 5 6 7 8 |  8.4
Armour         | 5 6 7 8 10 | 10.2
Fighting       | 1 2 3 4 5 7 8 9 10 | 10.0
Polearms       | 1 2 |  2.1
Translocations | 1 2 4 5 6 7 |  7.2
Shields        | 1 2 4 |  4.0
Staves         | 2 3 5 7 9 |  9.4
Evocations     | 2 5 7 8 9 |  9.4
Dodging        | 2 3 4 |  4.7
Fire Magic     | 4 6 8 9 |  9.6
Poison Magic   | 4 6 |  6.7
Transmutations | 3 |  3.9
Air Magic      | 1 |  1.6
Earth Magic    | 1 5 8 |  8.5
Stealth        | 5 6 |  6.0

Action                   |  1- 3 |  4- 6 |  7- 9 | 10-12 | 13-15 | 16-18 || total
-------------------------+-------+-------+-------+-------+-------+-------++-------
Melee: Spear             |    20 |   103 |   112 |       |       |       ||   235
       Staff             |       |       |    31 |    45 |   608 |   311 ||   995
       Lajatang          |       |       |       |       |       |     8 ||     8
 Cast: Magic Dart        |    33 |     4 |    15 |    18 |     5 |       ||    75
       Searing Ray       |    10 |    19 |    37 |    99 |    30 |     1 ||   196
       Dazzling Flash    |       |     1 |     4 |     6 |     6 |       ||    17
       Fulminant Prism   |       |     2 |    19 |    76 |   100 |    12 ||   209
       Iskenderun's Myst |       |       |     3 |    70 |   163 |    19 ||   255
       Poisonous Vapours |       |       |       |       |   254 |    88 ||   342
       Olgreb's Toxic Ra |       |       |       |       |    67 |    29 ||    96
       Ignite Poison     |       |       |       |       |    51 |    18 ||    69
       Mephitic Cloud    |       |       |       |       |    26 |     7 ||    33
       Bolt of Magma     |       |       |       |       |       |   118 ||   118
       Iron Shot         |       |       |       |       |       |   167 ||   167
       Cause Fear        |       |       |       |       |       |     2 ||     2
Evoke: Wand              |       |       |       |     4 |    10 |    17 ||    31
       Phial of floods   |       |       |       |       |     1 |     1 ||     2
       Box of beasts     |       |       |       |       |       |     1 ||     1
  Use: Scroll            |       |     7 |     5 |     6 |    21 |    16 ||    55
       Potion            |       |     1 |     1 |     1 |    10 |    10 ||    23
 Stab: Sleeping          |     1 |     1 |       |     1 |       |       ||     3
       Confused          |       |       |       |       |     4 |       ||     4
       Invisible         |       |       |       |       |     2 |     1 ||     3
       Held in net/web   |       |       |       |       |     1 |       ||     1
       Paralysed         |       |       |       |       |       |     5 ||     5
Armor: Robe              |     3 |       |       |       |       |       ||     3
       Leather armour    |     2 |     1 |       |       |       |       ||     3
       Ring mail         |       |    52 |   105 |       |       |       ||   157
       Scale mail        |       |       |     4 |   195 |   718 |   175 ||  1092
       Troll leather arm |       |       |       |       |       |   279 ||   279
Dodge: Dodged            |    20 |    60 |   101 |   113 |   490 |   357 ||  1141
Block: Buckler           |       |       |       |    68 |   196 |   111 ||   375

Table legend: (Time is in decaauts)
 A = Elapsed time spent in this place.
 B = Non-inter-level travel time spent in this place.
 C = Inter-level travel time spent in this place.
 D = Time resting spent in this place.
 E = Time spent auto-exploring this place.
 F = Levels seen in this place.
 G = Mean time per level.
                   A        B        C        D        E       F      G
               +--------+--------+--------+--------+--------+-----+--------+
         Total |  59012 |  54459 |   4553 |  24318 |  21524 |  32 | 1844.1 |
       Dungeon |  24991 |  23193 |   1798 |   8335 |  11927 |  15 | 1666.1 |
          Lair |  12277 |  11218 |   1059 |   5081 |   4404 |   6 | 2046.2 |
         Swamp |    461 |    413 |     48 |    216 |     31 |   1 |  461.0 |
   Spider Nest |  11297 |  10028 |   1269 |   5829 |   2323 |   4 | 2824.2 |
  Orcish Mines |   3245 |   3075 |    170 |   1442 |   1153 |   2 | 1622.5 |
   Elven Halls |   5384 |   5176 |    208 |   2956 |   1355 |   2 | 2692.0 |
       Ossuary |    499 |    499 |      0 |     94 |    193 |   1 |  499.0 |
      Gauntlet |    854 |    854 |      0 |    364 |    137 |   1 |  854.0 |
               +--------+--------+--------+--------+--------+-----+--------+

Top non-repeatable levels by time:
   Elf:2: 3357 daAuts
Spider:2: 3256 daAuts
     D:9: 3248 daAuts
Spider:1: 3057 daAuts
  Lair:2: 2928 daAuts
Spider:4: 2831 daAuts
  Lair:6: 2627 daAuts
    D:10: 2512 daAuts
    D:11: 2468 daAuts
  Lair:5: 2294 daAuts
Spider:3: 2152 daAuts
    D:12: 2119 daAuts
   Elf:1: 2026 daAuts
    D:14: 1889 daAuts
    D:13: 1823 daAuts
